 Dungeon Crawl Stone Soup version 0.25.0-9-g26727b6 (webtiles) character file.

Game seed: 14469788287498970511

77 Clewik the Covered (level 4, -9/35 HPs)
             Began as a Human Fighter on June 19, 2020.
             Mangled by an ogre
             ... wielding a +0 giant club
              (30 damage)
             ... on level 2 of the Dungeon.
             The game lasted 00:18:13 (2739 turns).

Clewik the Covered (Human Fighter)                  Turns: 2739, Time: 00:18:14

Health: -9/35      AC:  6    Str: 17    XL:     4   Next: 60%
Magic:  4/4        EV:  7    Int:  9    God:
Gold:   52         SH:  9    Dex: 12    Spells: 3/3 levels left

rFire    . . .     SeeInvis .   a - +0 long sword
rCold    . . .     Gourm    .   c - +0 kite shield
rNeg     . . .     Faith    .   b - +0 scale mail
rPois    +         Spirit   .   (no helmet)
rElec    .         Reflect  .   (no cloak)
rCorr    .         Harm     .   (no gloves)
MR       .....                  (no boots)
Stlth    ..........             (no amulet)
HPRegen  0.11/turn              p - ring of poison resistance
MPRegen  0.09/turn              (no ring)

@: no status effects
A: no striking features
a: no special abilities


You were on level 2 of the Dungeon.
You were hungry.

You visited 1 branch of the dungeon, and saw 2 of its levels.

You collected 52 gold pieces.

Inventory:

Hand Weapons
 a - a +0 long sword (weapon)
 l - a +1 dagger of protection
 o - a +0 whip
Missiles
 g - 53 arrows
Armour
 b - a +0 scale mail (worn)
 c - a +0 kite shield (worn)
 e - a +0 robe
 k - a +0 robe
 n - a +0 scale mail
Jewellery
 p - a ring of poison resistance (left hand)
Scrolls
 i - 2 scrolls of identify
 m - a scroll of teleportation
 r - 2 scrolls of blinking {unknown}
 u - a scroll of fog {unknown}
Potions
 d - a potion of might
 h - a potion of curing
 j - a potion of lignification {unknown}
 q - 2 potions of degeneration {unknown}
 s - 2 potions of stabbing {unknown}
 t - a potion of berserk rage {unknown}
Comestibles
 f - a ration


   Skills:
 + Level 3.4 Fighting
 + Level 2.9 Long Blades
 + Level 3.6 Armour
 + Level 0.5 Dodging
 + Level 3.4 Shields


You had 3 spell levels left.
You didn't know any spells.
Your spell library was empty.

Dungeon Overview and Level Annotations

Branches:
Dungeon (2/15)

Altars:
Hepliaklqana
Sif Muna
Xom


Message History

No target in view!
No target in view!
q - 2 viscous orange potions (gained 1)
A goblin and an ogre come into view.
The ogre shouts!
The goblin shouts!
You slash the goblin!
You kill the goblin!
The ogre hits you with a +0 giant club!
You see here a goblin corpse.
You slash the ogre!
The ogre is moderately wounded.
The ogre hits you with a +0 giant club.
You slash the ogre!
The ogre is severely wounded.
You block the ogre's attack.
You hit the ogre.
The ogre is almost dead.
The ogre hits you with a +0 giant club!!
Ouch! That really hurt!
You die...

#.#...........
#.##..#####.##
#.##..# #.#
#.##..# #.## ###
#.##..# #... ..#
#.##..# #... #.#
#.....#####.## #O#
####.........#
#@######.#######..
#........# ###
##########


You could see an ogre.

Vanquished Creatures
  4 adders (D:2)
  A leopard gecko (D:2)
  2 giant cockroaches
  5 hobgoblins
  3 jackals (D:1)
  8 kobolds
  A ball python (D:2)
  4 bats
  5 frilled lizards
  4 goblins
  4 rats (D:1)
41 creatures vanquished.

Notes
Turn   | Place    | Note
-------+----------+-------------------------------------------
     0 | D:1      | Clewik the Human Fighter began the quest for the Orb.
     0 | D:1      | Reached XP level 1. HP: 18/18 MP: 1/1
   602 | D:1      | Reached XP level 2. HP: 19/24 MP: 2/2
  1616 | D:1      | Found a shimmering altar of Xom.
  1732 | D:2      | Reached XP level 3. HP: 29/29 MP: 3/3
  2113 | D:2      | Reached XP level 4. HP: 24/35 MP: 4/4
  2559 | D:2      | Found a shimmering blue altar of Sif Muna.
  2573 | D:2      | Found a hazy altar of Hepliaklqana.
  2734 | D:2      | Noticed an ogre
  2739 | D:2      | Mangled by an ogre

Illustrated notes

Levels and vault maps discovered:
D:1:      wander_arrival_lonely_grave, layout_rooms, xom_teletrap_fun
D:2:      layout_loops_ring, chequers_temple_overflow_statue_of_worship,
          serial_rivers, chequers_serial_rivers_micro_a,
          chequers_serial_rivers_large_a, chequers_serial_rivers_large_b,
          chequers_serial_rivers_small_a, chequers_serial_rivers_micro_e,
          uniq_terence

Action                   |  1- 3 |  4- 6 || total
-------------------------+-------+-------++-------
Melee: Long sword        |   138 |    43 ||   181
  Use: Scroll            |     2 |       ||     2
       Potion            |     1 |       ||     1
  Eat: Ration            |     1 |       ||     1
       Chunk             |     1 |     1 ||     2
Armor: Scale mail        |    74 |    13 ||    87
Dodge: Dodged            |    56 |     9 ||    65
Block: Kite shield       |    70 |    23 ||    93
       Rpst.: Long sword |    21 |     5 ||    26
